 Dungeon Crawl Stone Soup version 0.29-a0-9-g022ca4c890 (webtiles) character file.

Game seed: 10532918280813942474

22221 frimble the Slicer (level 12, -6/92 HPs)
             Began as a Demonspawn Warper on Jan 28, 2022.
             Was a Follower of Cheibriados.
             Mangled by an entropy weaver (7 damage)
             ... in a Gauntlet.
             The game lasted 00:31:06 (18704 turns).

frimble the Slicer (Demonspawn Warper)             Turns: 18704, Time: 00:31:07

Health: -6/92      AC:  5    Str: 15    XL:     12   Next: 61%
Magic:  8/15       EV: 16    Int: 23    God:    Cheibriados [*.....]
Gold:   1489       SH:  0    Dex: 24    Spells: 6/15 levels left

rFire   . . .      SeeInvis .   H - +3 scimitar (flame)
rCold   . . .      Faith    .   (no shield)
rNeg    . . .      Spirit   .   n - +0 leather armour of Vaqainwi {Will+ Dex+3 Slay+2}
rPois   .          Reflect  .   (helmet restricted)
rElec   +          Harm     .   (no cloak)
rCorr   .          Rampage  .   o - +2 pair of gloves {hurl}
Will    +....      NoTele   +   b - +2 pair of boots
Stlth   +++.......              (no amulet)
HPRegen 0.25/turn               y - +6 ring of dexterity
MPRegen 0.14/turn               (no ring)

@: corroded, studying Short Blades, very slow
A: horns 2, thin metallic scales 3, spiny 1, demonic magic 2
a: Renounce Religion, Bend Time


You were in a Gauntlet.
You worshipped Cheibriados.
Cheibriados was aware of your devotion.
You visited 3 branches of the dungeon, and saw 15 of its levels.
You also visited: Sewer, Gauntlet and Ice Cave.

You collected 1589 gold pieces.
You spent 100 gold pieces at shops.

Inventory:

Hand Weapons
 a - a +4 short sword of freezing
 F - the +4 dagger of Makhleb's Envy {venom, rCorr Dex+4}
   (You found it on level 10 of the Dungeon)

   It poisons the flesh of those it strikes.
   Dex:       It affects your dexterity (+4).
   rCorr:     It protects you from acid and corrosion.
 H - a +3 scimitar of flaming (weapon)
Missiles
 d - 5 boomerangs of dispersal
 r - a curare-tipped dart
 v - 5 throwing nets
 D - 6 boomerangs (quivered)
Armour
 b - a +2 pair of boots (worn)
 h - a +1 robe of cold resistance
 i - a +0 kite shield
 n - the +0 leather armour of Vaqainwi (worn) {Will+ Dex+3 Slay+2}
   (You found it on level 6 of the Dungeon)

   Dex:       It affects your dexterity (+3).
   Slay:      It affects your accuracy & damage with ranged weapons and melee
   (+2).
   Will:      It increases your willpower.
 o - a +2 pair of gloves of hurling (worn)
 G - a +0 troll leather armour
Jewellery
 y - a +6 ring of dexterity (left hand)
 z - a +6 ring of strength
Wands
 u - a wand of digging (2)
Scrolls
 c - a scroll of blinking
 f - a scroll of silence
 t - a scroll of immolation
 A - 4 scrolls of fog
Potions
 e - 4 potions of brilliance
 j - 3 potions of lignification
 k - 2 potions of curing
 l - 2 potions of flight
 m - 3 potions of resistance {unknown}
 p - 5 potions of haste {unknown}
 q - 3 potions of mutation
 s - 5 potions of cancellation {unknown}
 B - a potion of ambrosia {unknown}
 C - a potion of degeneration {unknown}
 E - a potion of magic


   Skills:
 - Level 7.7 Fighting
 - Level 12.7(13.4) Short Blades
 + Level 7.1(10.8) Long Blades
 + Level 4.4 Throwing
 - Level 0.8 Armour
 - Level 6.0 Dodging
 - Level 5.0 Stealth
 - Level 1.3 Shields
 - Level 2.0 Spellcasting
 - Level 8.1 Translocations
 + Level 2.4 Ice Magic
 - Level 2.5 Invocations
 - Level 5.0 Evocations


You had 6 spell levels left.
You knew the following spells:

 Your Spells              Type           Power      Damage    Failure   Level
a - Blink                 Tloc           78%        N/A       1%          2
b - Gell's Gravitas       Tloc           39%        N/A       1%          3
c - Apportation           Tloc           78%        N/A       1%          1
d - Ozocubu's Armour      Ice            13%        N/A       17%         3

Your spell library contained the following spells:

 Spells                   Type           Power      Damage    Failure   Level
 Lesser Beckoning         Tloc           39%        N/A       1%          3
 Teleport Other           Tloc           39%        N/A       1%          3
 Animate Skeleton         Necr           4%         N/A       16%         1
 Magic Dart               Conj           8%         1d3       16%         1
 Pain                     Necr           8%         1d4       16%         1
 Manifold Assault         Tloc           39%        N/A       16%         5
 Searing Ray              Conj           4%         2d4       24%         2
 Confusing Touch          Hex            2%         N/A       43%         3
 Vampiric Draining        Necr           2%         2d6       43%         3
 Fulminant Prism          Conj/Hex       1%         3d6       83%         4
 Metabolic Englaciation   Hex/Ice        3%         N/A       95%         5
 Alistair's Intoxication  Tmut/Pois      1%         N/A       99%         5
 Yara's Violent Unravell  Hex/Tmut       1%         3d3       99%         5
 Simulacrum               Ice/Necr       3%         N/A       100%        6
 Enfeeble                 Hex            1%         N/A       100%        7


Dungeon Overview and Level Annotations

Branches:
Dungeon (12/15)            Temple (1/1) D:6            Lair (2/6) D:10
    Orc (0/2) D:10          Sewer (visited)           IceCv (visited)
Gauntlet (1/1)
  Swamp: Lair:2-4    Shoals: Lair:2-4     Snake: Lair:2-4    Spider: Lair:2-4

Altars:
Cheibriados
Dithmenos
Elyvilon
Fedhas
Hepliaklqana
Makhleb
Nemelex Xobeh
Ru
Trog
Uskayaw
Wu Jian
Xom
Yredelemnul
Zin

Shops:
D:1 (   D:3 !   D:6 [   D:9 (

Annotations:
D:5 2 runed translucent doors, fragbeetle's ghost, novice MfIE
D:9 exclusion: oklob plant
D:10 1 runed translucent door, fragbeetle's ghost, journeyman HOCA
D:12 exclusions: deep elf pyromancer and 1 more exclusion Gauntlet 6 transporters


Innate Abilities, Weirdness & Mutations

You have a pair of horns on your head.
You are completely covered in thin metallic scales. (AC +4, rElec)
You are partially covered in sharp spines.
Spells you cast may paralyse nearby enemies.


Message History

The wolf spider poisons you!
You feel better. The wolf spider hits you!!
* * * LOW HITPOINT WARNING * * *
The wolf spider bites you.
* * * LOW HITPOINT WARNING * * *
You are lethally poisoned!
The wolf spider poisons you!
The jumping spider leaps!
The wolf spider misses you. The wolf spider bites you.
* * * LOW HITPOINT WARNING * * *
You are more poisoned.
The wolf spider poisons you!
Okay, then.
Unknown command.
Unknown command.
Unknown command.
Casting: Apportation (safe; 1% risk of failure)
Confirm with . or Enter, or press ? or * to list all spells.
You blink.
Malevolent energies surge around you.
* * * LOW HITPOINT WARNING * * *
You feel extremely sick.
You feel better.
You feel stable enough to blink again.
Blink to where?
Press: ? - help, Dir - move target
As you read the scroll of blinking, it crumbles to dust.
The entropy weaver is struck by your spines.
The entropy weaver closely misses you. The entropy weaver hits you.
* * * LOW HITPOINT WARNING * * *
The entropy weaver hits you.
* * * LOW HITPOINT WARNING * * *
The entropy weaver hits you.
* * * LOW HITPOINT WARNING * * *
The jumping spider closely misses you. The jumping spider misses you.
You enter the transporter and appear at another place.
The wolf spider is struck by your spines.
The wolf spider closely misses you. x2
The entropy weaver is struck by your spines.
The entropy weaver completely misses you.
The entropy weaver hits you!
You die...

#####..#)##...##.##
#≈8≈#..#.#.....#.#.
##...#..#§...©....#©
...8.#..#[#.....#.#.
##
##...#..#s##...##.##
..##.8.#..#..##.##..#.
.....#..#.........#.
##ss.#..###########§
#.@.#≈.............
#....B.#∩............§
#.##.©.#§.............
.. #...#..###########.
. .....#..#.........#.
##.8.#..#.##...##.#.
#...#..#$.##.##..##
..8.#..#[..#.#...#.
..#..#©..#©....#©


You could see an entropy weaver, a wolf spider, a jumping spider and a redback.

Vanquished Creatures
  Rupert (D:12)
  3 hydras
  Erica (Lair:1)
  3 two-headed ogres
  A steelbarb worm (shapeshifter) (Gauntlet)
  A cyclops (D:11)
  A black mamba (Lair:2)
  2 gargoyles (D:12)
  A cane toad (Lair:1)
  Maggie (D:8)
  2 komodo dragons
  3 hornets
  5 trolls
  A hornet (shapeshifter) (D:10)
  Prince Ribbit (D:9)
  2 wraiths
  11 yaks
  A shadow (D:12)
  2 basilisks (Lair:1)
  3 death yak simulacra (IceCv)
  9 vampire mosquitoes
  Menkaure (D:7)
  4 water moccasins
  3 sky beasts
  7 orc warriors
  An ice beast (D:7)
  3 necrophages
  3 ogres
  20 wolves
  2 centaurs
  A phantom (D:5)
  8 bullfrogs
  5 kobold brigands
  2 scorpions
  23 killer bees
  4 wights (D:8)
  2 elephant simulacra (IceCv)
  3 howler monkeys
  4 electric eels
  5 centaur zombies
  10 hounds
  2 orc priests (D:9)
  A jelly (D:6)
  8 iguanas
  7 orc wizards
  A polar bear simulacrum (IceCv)
  A spriggan simulacrum (D:12)
  3 troll simulacra (D:12)
  A wolf simulacrum (D:12)
  2 killer bee zombies
  3 adders
  3 gnolls (D:4)
  2 howler monkey skeletons
  2 naga simulacra (D:12)
  2 white imps
  2 worms
  2 dart slugs
  33 orcs
  5 endoplasms
  3 giant cockroaches
  3 goblins
  11 hobgoblins
  27 kobolds
  8 quokkas
  3 training dummies (D:9)
  9 ball pythons
  7 bats
  4 frilled lizards
  8 rats
329 creatures vanquished.

Vanquished Creatures (collateral kills)
  An elephant simulacrum (IceCv)
1 creature vanquished.

Vanquished Creatures (others)
  An ugly thing (IceCv)
  A polar bear simulacrum (D:12)
  9 fungi
  26 plants
37 creatures vanquished.

Grand Total: 367 creatures vanquished

Notes
Turn   | Place    | Note
-------+----------+-------------------------------------------
     0 | D:1      | frimble the Demonspawn Warper began the quest for the Orb.
     0 | D:1      | Reached XP level 1. HP: 16/16 MP: 3/3
    13 | D:1      | Reached skill level 2 in Short Blades
   441 | D:1      | Gained mutation: You are partially covered in sharp spines.
                  | [demonic ancestry]
   441 | D:1      | Reached XP level 2. HP: 11/22 MP: 5/5
   636 | D:1      | Noticed a golden eye
   638 | D:1      | Found a faded altar of an unknown god.
   673 | D:1      | Noticed a great orb of eyes
   673 | D:1      | Noticed a shining eye
   673 | D:1      | Noticed a shining eye
   826 | D:1      | Found Exuv Oram's Weapon Boutique.
   866 | D:1      | You fall into a shaft and drop 1 floor!
  1201 | D:2      | Reached skill level 3 in Short Blades
  1321 | D:2      | Gained mutation: Spells you cast may paralyse adjacent
                  | enemies. [demonic ancestry]
  1321 | D:2      | Reached XP level 3. HP: 27/27 MP: 6/6
  1489 | D:2      | Learned a level 2 spell: Blink
  1493 | D:2      | Learned a level 3 spell: Gell's Gravitas
  1684 | D:2      | Gained mutation: You are partially covered in thin metallic
                  | scales. (AC +2) [demonic ancestry]
  1684 | D:2      | Reached XP level 4. HP: 30/33 MP: 7/7
  2120 | D:3      | Found Veuniese's Distillery.
  2126 | D:3      | Bought a potion of curing for 42 gold pieces
  2620 | D:4      | Noticed a bullfrog
  2628 | D:4      | Killed a bullfrog
  2629 | D:4      | Reached skill level 4 in Short Blades
  2629 | D:4      | Gained mutation: You have a pair of small horns on your
                  | head. [demonic ancestry]
  2629 | D:4      | Reached XP level 5. HP: 36/38 MP: 8/8
  3157 | D:4      | Reached XP level 6. HP: 35/44 MP: 9/9
  3349 | D:4      | Reached skill level 5 in Short Blades
  3464 | D:5      | Entered Level 5 of the Dungeon
  3472 | D:5      | Found a runed translucent door.
  3475 | D:5      | Noticed fragbeetle's ghost (novice MfIE)
  3571 | D:5      | Found a glowing drain.
  3580 | Sewer    | Entered a sewer
  3703 | Sewer    | Reached skill level 5 in Translocations
  3703 | Sewer    | Gained mutation: You are mostly covered in thin metallic
                  | scales. (AC +3) [demonic ancestry]
  3703 | Sewer    | Reached XP level 7. HP: 33/50 MP: 10/10
  4328 | D:5      | Reached skill level 6 in Short Blades
  4825 | D:5      | Found a runed translucent door.
  4910 | D:6      | Reached XP level 8. HP: 56/56 MP: 11/11
  5057 | D:6      | Identified the +0 leather armour of Vaqainwi {Will+ Dex+3
                  | Slay+2}
  5220 | D:6      | Found a staircase to the Ecumenical Temple.
  5341 | D:6      | Reached skill level 7 in Short Blades
  5508 | D:6      | Found Obimug's Armour Shoppe.
  5512 | D:6      | Bought a +0 pair of gloves for 58 gold pieces
  5527 | D:6      | Noticed a two-headed ogre
  5542 | D:6      | Killed a two-headed ogre
  5791 | D:6      | Found a bloodstained altar of Trog.
  5904 | D:6      | Reached XP level 9. HP: 38/61 MP: 12/12
  6474 | D:7      | Reached skill level 8 in Short Blades
  6642 | D:7      | Reached skill level 5 in Dodging
  6999 | D:7      | Noticed Menkaure
  7008 | D:7      | Killed Menkaure
  7790 | D:7      | Gained mutation: You are completely covered in thin
                  | metallic scales. (AC +4, rElec) [demonic ancestry]
  7790 | D:7      | Reached XP level 10. HP: 68/71 MP: 13/13
  7896 | D:7      | Identified a scroll of acquirement
  7896 | D:7      | Acquired 1011 gold pieces
  8031 | D:8      | Reached skill level 9 in Short Blades
  8053 | D:8      | Noticed Maggie
  8061 | D:8      | Learned a level 1 spell: Apportation
  8088 | D:8      | Killed Maggie
  8255 | D:8      | Reached skill level 1 in Stealth
  8255 | D:8      | Reached skill level 1 in Evocations
  8424 | D:8      | Reached skill level 1 in Long Blades
  8942 | D:9      | Reached skill level 5 in Fighting
  9150 | D:9      | Noticed Prince Ribbit
  9153 | D:9      | Killed Prince Ribbit
  9185 | D:9      | Noticed a seven-headed hydra
  9200 | D:9      | Killed a seven-headed hydra
  9657 | D:9      | Found Avouz's Firing Range.
  9740 | D:9      | Found a blossoming altar of Fedhas.
  9763 | D:9      | Noticed an oklob plant
  9952 | D:9      | Acquired a manual of Short Blades
  9985 | D:10     | Entered Level 10 of the Dungeon
 10052 | D:10     | Paralysed by a hornet for 1 turns
 10186 | D:10     | Found a staircase to the Orcish Mines.
 10412 | D:10     | Gained mutation: Spells you cast may paralyse nearby
                  | enemies. [demonic ancestry]
 10412 | D:10     | Reached XP level 11. HP: 81/81 MP: 14/14
 10458 | D:10     | Found a runed translucent door.
 10467 | D:10     | Found a shimmering altar of Xom.
 10467 | D:10     | Noticed fragbeetle's ghost (journeyman HOCA)
 10468 | D:10     | Noticed a +1 quarterstaff of chaos
 10630 | D:10     | Found a staircase to the Lair.
 11185 | D:10     | Identified the +4 dagger of Makhleb's Envy {venom, rCorr
                  | Dex+4}
 11486 | D:11     | Reached skill level 10 in Short Blades
 12014 | D:11     | Noticed a two-headed ogre
 12722 | D:11     | Noticed a two-headed ogre
 12734 | D:11     | Killed a two-headed ogre
 12752 | D:11     | Reached skill level 5 in Stealth
 13024 | D:10     | Killed a two-headed ogre
 13025 | D:10     | Reached skill level 5 in Evocations
 13483 | D:12     | Reached skill level 11 in Short Blades
 13686 | D:12     | Reached skill level 5 in Long Blades
 13907 | D:12     | Noticed a deep elf pyromancer
 13968 | D:12     | Noticed Rupert
 13988 | D:12     | Killed Rupert
 14039 | D:12     | Found a frozen archway.
 14056 | IceCv    | Entered an ice cave
 14331 | IceCv    | Reached skill level 1 in Throwing
 14568 | IceCv    | Noticed a white ugly thing
 14585 | IceCv    | Gained mutation: You have a pair of horns on your head.
                  | [demonic ancestry]
 14585 | IceCv    | Reached XP level 12. HP: 92/92 MP: 15/15
 15420 | D:12     | Reached skill level 12 in Short Blades
 15496 | D:12     | Noticed a death knight
 15933 | Temple   | Entered the Ecumenical Temple
 16003 | Temple   | Became a worshipper of Cheibriados the Contemplative
 16137 | Lair:1   | Entered Level 1 of the Lair of Beasts
 16279 | Lair:1   | Noticed an eight-headed hydra
 16545 | Lair:1   | Killed an eight-headed hydra
 16664 | Lair:1   | Noticed Erica
 16677 | Lair:1   | Killed Erica
 16678 | Lair:1   | Reached skill level 1 in Invocations
 17039 | Lair:1   | Reached * piety under Cheibriados
 17040 | Lair:1   | Reached skill level 1 in Shields
 17518 | Lair:1   | Noticed a five-headed hydra
 17524 | Lair:1   | Learned a level 3 spell: Ozocubu's Armour
 17533 | Lair:1   | Killed a one-headed hydra
 17534 | Lair:1   | Reached skill level 1 in Ice Magic
 17977 | Lair:2   | HP: 4/92 [bullfrog (4)]
 18026 | Lair:2   | Found a gate leading to a gauntlet.
 18036 | Gauntlet | Entered a Gauntlet
 18036 | Gauntlet | Found a transporter.
 18036 | Gauntlet | Found a transporter.
 18036 | Gauntlet | Found a transporter.
 18217 | Gauntlet | Found a transporter.
 18217 | Gauntlet | Found a transporter.
 18229 | Gauntlet | Found a transporter.
 18231 | Gauntlet | Found a transporter.
 18239 | Gauntlet | Noticed an entropy weaver
 18240 | Gauntlet | Noticed a ghost crab
 18247 | Gauntlet | Found a transporter.
 18247 | Gauntlet | Found a transporter.
 18265 | Gauntlet | Found a transporter.
 18269 | Gauntlet | Found a transporter.
 18276 | Gauntlet | Noticed a quicksilver ooze
 18279 | Gauntlet | Found a transporter.
 18288 | Gauntlet | Noticed an entropy weaver
 18288 | Gauntlet | a quicksilver ooze changed into an entropy weaver
 18290 | Gauntlet | Noticed a satyr
 18290 | Gauntlet | an entropy weaver changed into a satyr
 18432 | Gauntlet | Paralysed by a hornet for 2 turns
 18572 | Gauntlet | Noticed a fire dragon
 18686 | Gauntlet | Noticed an entropy weaver
 18686 | Gauntlet | a fire dragon changed into an entropy weaver
 18703 | Gauntlet | HP: 3/92 [entropy weaver (3)]
 18703 | Gauntlet | HP: 1/92 [entropy weaver (2)]
 18704 | Gauntlet | Mangled by an entropy weaver

Illustrated notes

Levels and vault maps discovered:
D:1:      minmay_arrival_radiant_lines, layout_rooms,
          hellmonk_ecumenical_altar_watching_god, serial_shops, shop,
          roderic_lattice_a
D:2:      layout_loops_ring, hangedman_decor_growths,
          ebering_dispersal_statue_hall
D:3:      layout_rooms, serial_shops, nicolae_shop_statue_plus
D:4:      layout_rooms, hangedman_decor_push
D:5:      layout_loops_ring, gup_sewer_entry_bubbles, ebering_ghost_sewer_f
D:6:      layout_loops_cross, trog_hazing_becter, temple_fountains,
          serial_shops, shop, amethyst_killhole
D:7:      layout_loops_cross, uniq_menkaure
D:8:      layout_basic, grunt_ministairs_2, minmay_lizard_king, uniq_maggie
D:9:      layout_grid_maze, tgw_fedhas, serial_rivers,
          chequers_serial_rivers_room_b, chequers_serial_rivers_small_b,
          chequers_serial_rivers_room_b, chequers_serial_rivers_micro_a,
          nicolae_shop_firing_range, uniq_prince_ribbit1
D:10:     layout_basic, erik_lair_island, david_orc_2, ebering_ghost_xom
D:11:     layout_small_grid
D:12:     cheibrodos_statue_roulette, layout_basic,
          portal_ice_cave_entry_ice_simulacra, uniq_rupert
Temple:   regret_index_temple_chain_breaker
Lair:1:   layout_gridlike, grunt_forest_large_clearings, uniq_erica
Lair:2:   kb_forest_paths, layout_chaotic_city, gauntlet_entry_generic
Gauntlet: gammafunk_gauntlet_hard_choice [nicolae_gauntlet_arena_flowing_pool,
          gammafunk_gauntlet_arena_arrow_garden,
          gammafunk_gauntlet_arena_hedges, gammafunk_gauntlet_arena_teeth,
          gammafunk_gauntlet_arena_split_diamond,
          gammafunk_gauntlet_arena_split_x, gauntlet_exit_green]

Skill      XL: |  1  2  3  4  5  6  7  8  9 10 11 12 |
---------------+-------------------------------------+-----
Short Blades   | 2 3 4 5 6 7 8 9 11 12 | 12.7
Translocations | 3 4 5 6 7 8 |  8.1
Dodging        | 3 5 6 |  6.0
Fighting       | 3 5 7 |  7.7
Stealth        | 3 5 |  5.0
Evocations     | 3 5 |  5.0
Long Blades    | 3 5 7 |  7.1
Throwing       | 1 4 |  4.4
Invocations    | 2 |  2.5
Shields        | 1 |  1.3
Ice Magic      | 2 |  2.4
Armour         | |  0.8
Spellcasting   | |  2.0

Action                   |  1- 3 |  4- 6 |  7- 9 | 10-12 || total
-------------------------+-------+-------+-------+-------++-------
Melee: Short sword       |    75 |     5 |       |   350 ||   430
       Punch             |     1 |     1 |     4 |     8 ||    14
       Dagger            |       |   182 |   301 |    50 ||   533
       Headbutt          |       |    21 |    72 |   134 ||   227
       Long sword        |       |       |       |   139 ||   139
       Scimitar          |       |       |       |    73 ||    73
Throw: Dart              |       |       |     2 |     3 ||     5
       Boomerang         |       |       |       |    73 ||    73
 Cast: Gell's Gravitas   |       |       |     2 |    10 ||    12
       Blink             |       |       |       |    20 ||    20
       Apportation       |       |       |       |     1 ||     1
       Ozocubu's Armour  |       |       |       |     3 ||     3
Evoke: Wand              |       |       |       |    14 ||    14
  Use: Scroll            |       |     5 |     4 |    18 ||    27
       Potion            |       |       |       |    11 ||    11
 Stab: Sleeping          |       |       |       |     9 ||     9
       Paralysed         |       |       |       |     8 ||     8
       Distracted        |       |       |       |     1 ||     1
Armor: Leather armour    |     8 |       |    43 |   122 ||   173
       Ring mail         |     8 |    55 |    31 |       ||    94
       Skin              |       |       |       |     9 ||     9
       Robe              |       |       |       |    31 ||    31
Dodge: Dodged            |    36 |    71 |   119 |   341 ||   567

Table legend: (Time is in decaauts)
 A = Elapsed time spent in this place.
 B = Non-inter-level travel time spent in this place.
 C = Inter-level travel time spent in this place.
 D = Time resting spent in this place.
 E = Time spent auto-exploring this place.
 F = Levels seen in this place.
 G = Mean time per level.
                   A        B        C        D        E       F      G
               +--------+--------+--------+--------+--------+-----+--------+
         Total |  18883 |  18064 |    819 |   1315 |  13665 |  18 | 1049.1 |
       Dungeon |  14423 |  13708 |    715 |    566 |  11089 |  12 | 1201.9 |
        Temple |     96 |     52 |     44 |      0 |     43 |   1 |   96.0 |
          Lair |   1922 |   1862 |     60 |     50 |   1363 |   2 |  961.0 |
         Sewer |    499 |    499 |      0 |      0 |    411 |   1 |  499.0 |
      Ice Cave |   1180 |   1180 |      0 |    610 |    256 |   1 | 1180.0 |
      Gauntlet |    762 |    762 |      0 |     89 |    503 |   1 |  762.0 |
               +--------+--------+--------+--------+--------+-----+--------+

Top non-repeatable levels by time:
    D:10: 1910 daAuts
    D:11: 1738 daAuts
  Lair:1: 1728 daAuts
     D:7: 1605 daAuts
     D:6: 1415 daAuts
    D:12: 1217 daAuts
   IceCv: 1180 daAuts
     D:9: 1147 daAuts
     D:1: 1082 daAuts
     D:8: 990 daAuts
     D:5: 965 daAuts
     D:2: 952 daAuts
     D:4: 927 daAuts
Gauntlet: 762 daAuts
   Sewer: 499 daAuts
